 Seeded DCSS version 0.30-a0-739-gea05faddec (webtiles) character file.

Game seed: 5430720872467839093 (custom seed)

238496 purpskrrrp the Ninja (level 18, -2/157 HPs)
             Began as a Spriggan Brigand on Feb 4, 2023.
             Was the Champion of Dithmenos.
             Succumbed to a +5 flail of venom's poison
             ... on level 1 of the Elven Halls on Feb 5, 2023.
             The game lasted 01:41:33 (33284 turns).

purpskrrrp the Ninja (Spriggan Brigand)            Turns: 33284, Time: 01:41:34

Health: -2/157     AC: 31    Str: 13    XL:     18   Next: 56%
Magic:  23/23      EV: 36    Int: 13    God:    Dithmenos [******]
Gold:   862        SH:  0    Dex: 24    Spells: 17/17 levels left

rFire   . . .      SeeInvis +    t - +12 pair of quick blades "Gyre" and "Gimble" {protect}
rCold   . . .      Faith    .    (shield currently unavailable)
rNeg    . . .      Spirit   .    O - +7 shadow dragon scales
rPois   .          Reflect  .    h - +2 hood of the Assassin {Detect Stab+ Stlth++}
rElec   .          Harm     .    E - scarf {shadows}
rCorr   .          Rampage  .    (gloves unavailable)
Will    +++..      Clarity  +    (boots unavailable) Stlth
                                 T - amulet of the acrobat
HPRegen 0.46/turn                g - +4 ring of slaying
MPRegen 0.18/turn                n - +6 ring of strength

@: berserking, lethally poisoned (-2 -> -35), under a protective aura,
acrobatic, wreathed by umbra, studying 2 skills, very quick
A: very small, no large weapons, unfitting armour, see invisible, speed 3,
clarity, subdued magic 1
}: 2/15 runes: decaying, serpentine
a: Renounce Religion, Shadow Step, Shadow Form


You were on level 1 of the Elven Halls.
You worshipped Dithmenos.
Dithmenos was exalted by your worship.
You visited 7 branches of the dungeon, and saw 32 of its levels.
You also visited: Gauntlet.

You collected 4522 gold pieces.
You spent 3660 gold pieces at shops.

Inventory:

Hand Weapons
 t - the +12 pair of quick blades "Gyre" and "Gimble" (weapon) {protect}
   (You acquired it on level 2 of the Dungeon)
 x - the +5 consecrated labrys {holy, Valiant Fragile Fly SInv}
   (You took it off a minotaur in a Gauntlet)

   Valiant:   It becomes more powerful as more dangerous foes come into view.
   SInv:      It lets you see invisible.
   Fly:       It grants you flight.
   Fragile:   It will be destroyed if unequipped.
Missiles
 d - 58 poisoned darts
 e - 13 curare-tipped darts
 G - 2 datura-tipped darts
 Y - 6 atropa-tipped darts
Armour
 c - a +1 cloak
 h - the +2 hood of the Assassin (worn) {Detect Stab+ Stlth++}
   (You bought it in a shop on level 2 of the Orcish Mines)

   Detect:    It allows the wearer to sense nearby creatures.
   Stab+:     It allows the wearer to make particularly effective stabbing
   attacks against helpless or unaware enemies with any weapon.
   Stlth:     It makes you much more stealthy.
 E - a scarf of shadows (worn)
 O - +7 shadow dragon scales (worn)
Jewellery
 b - a ring of willpower
 g - a +4 ring of slaying (left hand)
 j - a ring of poison resistance
 l - a ring of ice
 n - a +6 ring of strength (right hand)
 w - a +6 ring of intelligence
 F - an amulet of magic regeneration
 I - a +6 ring of intelligence
 L - an amulet of reflection
 R - a +4 ring of slaying
 T - an amulet of the acrobat (around neck)
Wands
 a - a wand of quicksilver (16)
 q - a wand of digging (9)
 u - a wand of mindburst (39)
 J - a wand of flame (29)
 U - a wand of paralysis (41)
 V - a wand of polymorph (16)
 W - a wand of roots (10)
Scrolls
 f - 5 scrolls of magic mapping
 i - a scroll of butterflies
 m - 15 scrolls of teleportation
 r - 2 scrolls of fog
 s - 3 scrolls of immolation
 z - 2 scrolls of silence
 A - 6 scrolls of poison
 C - a scroll of blinking
 D - 3 scrolls of amnesia
 N - a scroll of fear
Potions
 k - 7 potions of curing
 o - a potion of cancellation
 p - a potion of mutation
 v - 11 potions of ambrosia
 B - 3 potions of berserk rage
 H - 2 potions of resistance
 K - 3 potions of heal wounds
 M - 2 potions of might
 P - a potion of invisibility
 S - 3 potions of flight
Miscellaneous
 y - a lightning rod (4/4)


   Skills:
 * Level 16.0 Fighting
 + Level 15.9 Short Blades
 - Level 2.0 Throwing
 + Level 8.5 Armour
 + Level 16.6 Dodging
 O Level 27 Stealth
 + Level 6.4 Invocations
 + Level 15.5 Evocations


You had 17 spell levels left.
You didn't know any spells.
Your spell library contained the following spells:

 Spells                   Type           Power      Damage    Failure   Level
 Kiss of Death            Conj/Necr      0%         2d5       99%         1
 Sandblast                Erth           0%         2d4       99%         1
 Slow                     Hex            0%         N/A       99%         1
 Sting                    Tmut/Pois      0%         1d3       99%         1
 Blink                    Tloc           0%         N/A       100%        2
 Cigotuvi's Dreadful Rot  Necr/Pois/Air  0%         N/A       100%        2
 Passwall                 Tmut/Erth      0%         N/A       100%        2
 Poisonous Vapours        Pois/Air       0%         N/A       100%        2
 Static Discharge         Conj/Air       0%         2-2/arc   100%        2
 Confusing Touch          Hex            0%         N/A       100%        3
 Dazzling Flash           Conj/Hex       0%         N/A       100%        3
 Gell's Gravitas          Tloc           0%         N/A       100%        3
 Inner Flame              Hex/Fire       0%         N/A       100%        3
 Ozocubu's Armour         Ice            0%         N/A       100%        3
 Teleport Other           Tloc           0%         N/A       100%        3
 Tukima's Dance           Hex            0%         N/A       100%        3
 Vampiric Draining        Necr           0%         2d6       100%        3
 Vhi's Electric Charge    Tloc/Air       0%         N/A       100%        3
 Dispel Undead            Necr           0%         3d6       100%        4
 Flame Wave               Conj/Fire      0%         2d4       100%        4
 Iskenderun's Mystic Bla  Conj/Tloc      0%         2d3       100%        4
 Leda's Liquefaction      Hex/Erth       0%         N/A       100%        4
 Manifold Assault         Tloc           0%         N/A       100%        4
 Olgreb's Toxic Radiance  Pois           0%         N/A       100%        4
 Passage of Golubria      Tloc           0%         N/A       100%        4
 Petrify                  Tmut/Erth      0%         N/A       100%        4
 Sticky Flame             Conj/Fire      0%         2d3       100%        4
 Summon Ice Beast         Ice/Summ       0%         N/A       100%        4
 Arcjolt                  Conj/Air       0%         1d10      100%        5
 Blade Hands              Tmut           0%         N/A       100%        5
 Fireball                 Conj/Fire      0%         3d3       100%        5
 Iskenderun's Battlesphe  Conj           0%         2d6       100%        5
 Lightning Bolt           Conj/Air       0%         1d11      100%        5
 Summon Mana Viper        Hex/Summ       0%         N/A       100%        5
 Yara's Violent Unravell  Hex/Tmut       0%         3d3       100%        5
 Conjure Ball Lightning   Conj/Air       0%         3x3d6     100%        6
 Death Channel            Necr           0%         N/A       100%        6
 Dispersal                Tloc           0%         N/A       100%        6
 Iron Shot                Conj/Erth      0%         9d1       100%        6
 Starburst                Conj/Fire      0%         6d3       100%        6
 Statue Form              Tmut/Erth      0%         N/A       100%        6
 Monstrous Menagerie      Summ           0%         N/A       100%        7
 Orb of Destruction       Conj           0%         9d5       100%        7
 Ozocubu's Refrigeration  Ice            0%         4d7       100%        7
 Storm Form               Tmut/Air       0%         N/A       100%        7
 Borgnjor's Revivificati  Necr           0%         N/A       100%        8
 Necromutation            Tmut/Necr      0%         N/A       100%        8
 Death's Door             Necr           0%         N/A       100%        9


Dungeon Overview and Level Annotations

Branches:
Dungeon (15/15)            Temple (1/1) D:4            Lair (5/5) D:11
  Swamp (4/4) Lair:2        Snake (4/4) Lair:3        Slime (0/5) Lair:4
    Orc (2/2) D:11            Elf (1/3) Orc:2        Vaults (0/5) D:13
 Depths (0/4) D:15        Gauntlet (visited)

Altars:
Ashenzari
Cheibriados
Dithmenos
Elyvilon
Fedhas
Gozag
Hepliaklqana
Kikubaaqudgha
Makhleb
Nemelex Xobeh
Okawaru
Qazlal
Ru
Sif Muna
Trog
Uskayaw
Vehumet
Wu Jian
Xom
Yredelemnul
Zin
The Shining One
Jiyva

Shops:
D:2 ?   D:9 *   D:13 (   Orc:2 ([[(   Snake:2 [   Snake:3 !(


Innate Abilities, Weirdness & Mutations

You are very small and have problems with some larger weapons.
You are too small for most types of armour.
You have supernaturally acute eyesight. (SInv)
You cover ground extremely quickly. (Speed+++)
You possess an exceptional clarity of mind.
Your spells are a little easier to cast, but a little less powerful.


Message History

An orc wizard comes into view. It is wielding a +0 dagger.
The +5 flail of venom hits you!
* * * LOW HITPOINT WARNING * * *
You are poisoned.
An orc high priest comes into view. It is wielding a +0 flail.
You feel very sick. The +5 flail of venom hits you!
* * * LOW HITPOINT WARNING * * *
You emit a cloud of dark smoke.
You are lethally poisoned!
There is an open door, spattered with blood here.
A red film seems to cover your vision as you go berserk!
You feel yourself moving faster!
You feel mighty!
* * * LOW HITPOINT WARNING * * *
You feel extremely sick.
The orc high priest shouts!
The +5 flail of venom closely misses you.
The +5 flail of venom hits you.
* * * LOW HITPOINT WARNING * * *
You are more poisoned.
A warg comes into view.
You are too berserk!
The warg howls!
You puncture the orc wizard!
Your weapon exudes an aura of protection.
You kill the orc wizard!
Dithmenos accepts your kill.
* * * LOW HITPOINT WARNING * * *
You feel sick.
The +3 mace of holy wrath barely misses you.
* * * LOW HITPOINT WARNING * * *
You feel very sick.
You hear rumbling.
You hear a shout!
Things that are here:
a +0 dagger; a +0 robe You are too berserk!
You are too berserk!
Okay, then.
You feel a strong urge to attack something.
You die...

###.........#
#########.# ###
#.###..###
#.#....'..
#......#
###.h..#
##o#^..#
##.##'### ##@##
.# #####§## .#
##.§§(## #.#
#..§(§# #.#
#..§§§# ##'#+
#...E.# ##.e.##
##..E####{....##
#.EE# #.......#
##E.#
#{§§§§§)######


You could see an orc high priest, a warg and a +5 flail of venom.

Vanquished Creatures
  the Lernaean hydra (Swamp:4)
  Jorgrun (Swamp:3)
  2 quicksilver dragons (Snake:4)
  Gastronok (Lair:2)
  2 thorn hunters
  Kirke (Snake:3)
  Agnes (Snake:2)
  Roxanne (Swamp:3)
  A nagaraja (Snake:1)
  The ghost of Rumaargh the Prestidigitator, a journeyman NaFE of Cheibriados (Orc:1)
  Aizul (Snake:2)
  Louise (Swamp:3)
  A stone giant (D:15)
  Nessos (D:13)
  2 eleionomae
  A minotaur (Gauntlet)
  5 bunyips
  A dire elephant (Lair:5)
  Snorg (D:13)
  A fire dragon (Lair:5)
  2 shambling mangroves (Swamp:2)
  4 vault guards (D:13)
  2 salamander tyrants (Snake:4)
  6 ghost crabs
  18 hydras
  10 anacondas
  8 two-headed ogres
  11 alligators
  A spriggan air mage (Swamp:3)
  A catoblepas (Lair:5)
  2 centaur warriors
  A tengu warrior (D:13)
  4 boulder beetles
  A death knight (D:15)
  15 naga warriors
  A death scarab (Gauntlet)
  Urug (Lair:2)
  8 death yaks
  A spriggan berserker (Swamp:3)
  16 naga sharpshooters
  2 orc high priests (Orc:2)
  5 shock serpents
  A deep elf knight (Elf:1)
  6 salamander mystics
  3 goliath frogs
  A death drake (Swamp:2)
  5 spriggan druids
  15 swamp dragons
  2 bog bodies
  A deep elf archer (Elf:1)
  7 naga ritualists
  A lindwurm (Lair:5)
  A necromancer (Gauntlet)
  2 orc knights (Orc:1)
  2 deep elf zephyrmancers (Elf:1)
  7 deep elf pyromancers
  5 mana vipers
  14 ugly things
  An oklob plant (Lair:4)
  A phantasmal warrior (D:15)
  7 orc sorcerers
  4 will-o-the-wisps
  37 salamanders
  6 cyclopes
  5 elephants
  6 manticores
  41 black mambas
  Joseph (D:8)
  2 torpor snails (Lair:5)
  5 apocalypse crabs (Swamp:3)
  5 guardian serpents
  20 naga magi
  A gargoyle (D:11)
  5 cane toads
  An unseen horror (D:13)
  2 efreet
  Psyche (D:8)
  5 rime drakes (Lair:5)
  2 kobold demonologists (D:14)
  8 komodo dragons
  2 freezing wraiths (D:15)
  A tengu conjurer (D:14)
  A queen bee (Lair:2)
  A bloated husk (Swamp:2)
  12 tyrant leeches
  4 trolls
  A hornet (shapeshifter) (D:15)
  8 blink frogs (Lair:1)
  2 polar bears
  17 hornets
  9 dream sheep (Lair:5)
  11 slime creatures
  An air elemental (Elf:1)
  2 wraiths (D:15)
  12 spriggans
  2 shadows
  7 basilisks
  68 yaks
  A spectral komodo dragon (Gauntlet)
  8 wyverns
  3 fire elementals (Gauntlet)
  4 hogs (Snake:3)
  7 humans (D:13)
  2 humans (shapeshifter)
  A water elemental (D:11)
  3 steam dragons
  4 vampire mosquitoes (D:13)
  The ghost of Esekla the Covert, an amateur OpDe of Gozag (D:4)
  47 nagas
  11 swamp worms
  3 wargs
  3 acid dragons
  10 water moccasins
  2 hell hounds (Gauntlet)
  Duvessa (D:5)
  2 ice beasts
  30 orc warriors
  3 swamp drakes (Swamp:4)
  A black bear (Lair:1)
  A sky beast (D:7)
  16 centaurs
  9 ogres
  21 wolves
  A wolf (shapeshifter) (D:15)
  3 kobold brigands
  Blork the orc (D:4)
  10 bullfrogs
  6 gnoll sergeants
  3 scorpions
  4 necrophages
  Dowan (D:5)
  5 wights
  24 killer bees (Lair:2)
  5 howler monkeys
  10 electric eels
  A crimson imp (D:7)
  A lava snake (Snake:4)
  A gnoll bouda (D:6)
  24 orc priests
  4 hounds
  A jelly (D:6)
  7 iguanas
  39 orc wizards
  A hell rat (Lair:5)
  36 gnolls
  12 adders
  A shadow imp (D:6)
  6 white imps
  An ufetubus (D:5)
  3 worms (D:4)
  A dart slug (D:4)
  89 orcs
  3 bats
  8 endoplasms
  3 giant cockroaches
  4 goblins
  7 hobgoblins
  7 jackals
  14 kobolds
  5 quokkas
  8 ball pythons
  2 frilled lizards
  3 rats
  A plant (Lair:4)
1107 creatures vanquished.

Vanquished Creatures (collateral kills)
  A salamander (Snake:4)
  A naga mage (Snake:4)
2 creatures vanquished.

Vanquished Creatures (others)
  A wizard (D:8)
  A bloated husk (Swamp:2)
  3 humans
  An iguana (Lair:5)
  An orc (Orc:2)
  A kobold (D:14)
  3 briar patches (Swamp:2)
  8 foxfires (Swamp:4)
  11 fungi
  37 plants
  29 withered plants
96 creatures vanquished.

Grand Total: 1205 creatures vanquished

Notes
Turn   | Place    | Note
-------+----------+-------------------------------------------
     0 | D:1      | purpskrrrp the Spriggan Brigand began the quest for the
                  | Orb.
     0 | D:1      | Reached XP level 1. HP: 10/10 MP: 2/2
    64 | D:1      | Reached skill level 6 in Stealth
   191 | D:1      | Reached XP level 2. HP: 9/15 MP: 3/3
  1044 | D:2      | Reached XP level 3. HP: 18/18 MP: 4/4
  1289 | D:2      | Noticed a necrophage
  1334 | D:2      | Killed a necrophage
  1335 | D:2      | Reached skill level 7 in Stealth
  1335 | D:2      | Reached XP level 4. HP: 21/23 MP: 5/5
  1664 | D:2      | Found Doddoiw's Magic Scroll Shoppe.
  1753 | D:2      | Identified 4 scrolls of acquirement
  1753 | D:2      | Acquired the +12 pair of quick blades "Gyre" and "Gimble"
                  | {protect}
  1753 | D:2      | Found the +12 pair of quick blades "Gyre" and "Gimble"
                  | {protect}
  1755 | D:2      | Acquired 399 gold pieces
  1757 | D:2      | Acquired 639 gold pieces
  1758 | D:2      | Acquired a +2 hat
  1780 | D:2      | Reached XP level 5. HP: 22/27 MP: 6/6
  1858 | D:3      | Identified the +3 short sword of the Manifold Quests
                  | {flame, rElec Int+5}
  1966 | D:3      | Reached skill level 8 in Stealth
  1997 | D:3      | Reached XP level 6. HP: 25/32 MP: 7/7
  2056 | D:3      | Found an iron altar of Okawaru.
  2200 | D:3      | Found a faded altar of an unknown god.
  2384 | D:3      | Identified the +2 robe of Binutifa {rPois Dex+5}
  2454 | D:3      | Gained mutation: You occasionally lose the ability to read
                  | scrolls when taking damage. [potion of mutation]
  2454 | D:3      | Gained mutation: You have very sharp teeth. [potion of
                  | mutation]
  2454 | D:3      | Lost mutation: You have very sharp teeth. [potion of
                  | mutation]
  2458 | D:4      | Found a runed translucent door.
  2459 | D:4      | Found a staircase to the Ecumenical Temple.
  2461 | D:4      | Noticed Esekla's ghost (amateur OpDe)
  2478 | Temple   | Entered the Ecumenical Temple
  2762 | Temple   | Became a worshipper of Dithmenos the Shadowed
  3131 | D:4      | Reached skill level 9 in Stealth
  3284 | D:4      | Noticed Blork the orc
  3292 | D:4      | Killed Blork the orc
  3293 | D:4      | Reached XP level 7. HP: 35/35 MP: 8/8
  3325 | D:4      | Reached * piety under Dithmenos
  3361 | D:4      | Reached skill level 5 in Short Blades
  3555 | D:4      | Killed Esekla's ghost
  3610 | D:5      | Entered Level 5 of the Dungeon
  3611 | D:5      | Noticed a two-headed ogre
  3615 | D:5      | Killed a two-headed ogre
  3616 | D:5      | Reached skill level 5 in Dodging
  3616 | D:5      | Reached skill level 11 in Stealth
  3616 | D:5      | Reached XP level 8. HP: 42/42 MP: 9/9
  3929 | D:5      | Noticed Dowan
  3930 | D:5      | Noticed Duvessa
  3933 | D:5      | Killed Dowan
  3942 | D:5      | Killed Duvessa
  3943 | D:5      | Reached skill level 5 in Fighting
  4351 | D:6      | Reached skill level 12 in Stealth
  4402 | D:6      | Reached XP level 9. HP: 47/47 MP: 10/10
  4506 | D:6      | Noticed a two-headed ogre
  4509 | D:6      | Killed a two-headed ogre
  4547 | D:6      | Found an opulent altar of Gozag.
  4562 | D:6      | Found a broken altar of Ashenzari.
  4625 | D:6      | Found a white marble altar of Elyvilon.
  4625 | D:6      | Found an ancient bone altar of Kikubaaqudgha.
  4629 | D:6      | Found a blossoming altar of Fedhas.
  4629 | D:6      | Found a burning altar of Makhleb.
  4635 | D:6      | Reached ** piety under Dithmenos
  4759 | D:6      | Reached skill level 13 in Stealth
  5423 | D:7      | Reached *** piety under Dithmenos
  5424 | D:7      | Reached skill level 14 in Stealth
  5614 | D:7      | Reached XP level 10. HP: 53/53 MP: 11/11
  5707 | D:7      | You fall into a shaft and drop 3 floors!
  5707 | D:10     | Entered Level 10 of the Dungeon
  5733 | D:10     | Noticed a two-headed ogre
  5740 | D:10     | Killed a two-headed ogre
  5841 | D:8      | Found a bloodstained altar of Trog.
  5870 | D:8      | Reached skill level 10 in Short Blades
  5870 | D:8      | Reached skill level 15 in Stealth
  6065 | D:8      | Noticed Joseph
  6072 | D:8      | Killed Joseph
  6542 | D:8      | Noticed Psyche
  6550 | D:8      | Killed Psyche
  6551 | D:8      | Reached skill level 16 in Stealth
  6669 | D:8      | Noticed a wizard
  6675 | D:8      | Killed a wizard
  6904 | D:9      | Reached XP level 11. HP: 60/60 MP: 12/12
  6993 | D:9      | Reached **** piety under Dithmenos
  7218 | D:9      | Found a stormy altar of Qazlal.
  7268 | D:9      | Reached skill level 1 in Armour
  7946 | D:9      | Found Ysacrel's Fire Supplies.
  8281 | D:10     | Reached skill level 17 in Stealth
  8294 | D:10     | Reached ***** piety under Dithmenos
  8306 | D:10     | Noticed a two-headed ogre
  8312 | D:10     | Killed a two-headed ogre
  8313 | D:10     | Reached skill level 10 in Dodging
  8718 | D:11     | Reached skill level 10 in Fighting
  8884 | D:11     | Noticed a red ugly thing
  8901 | D:11     | Found a staircase to the Lair.
  8909 | D:11     | Killed a red ugly thing
  8937 | D:11     | Reached XP level 12. HP: 51/67 MP: 13/13
  9317 | D:11     | Reached skill level 18 in Stealth
  9416 | D:11     | Found a staircase to the Orcish Mines.
  9562 | D:12     | Noticed a boulder beetle
  9562 | D:12     | Noticed a two-headed ogre
  9566 | D:12     | Killed a two-headed ogre
  9573 | D:12     | Killed a boulder beetle
  9719 | D:12     | Noticed a two-headed ogre
  9721 | D:12     | Killed a two-headed ogre
 10090 | D:13     | Found a gate leading to a gauntlet.
 10115 | Gauntlet | Entered a Gauntlet
 10115 | Gauntlet | Found a transporter.
 10118 | Gauntlet | Found a transporter.
 10121 | Gauntlet | Found a transporter.
 10124 | Gauntlet | Noticed a death scarab
 10126 | Gauntlet | Found a transporter.
 10139 | Gauntlet | Found a transporter.
 10143 | Gauntlet | Reached skill level 19 in Stealth
 10147 | Gauntlet | Noticed a death yak
 10149 | Gauntlet | Found a transporter.
 10162 | Gauntlet | Found a transporter.
 10192 | Gauntlet | Noticed a death yak
 10194 | Gauntlet | Killed a death scarab
 10195 | Gauntlet | Noticed a death yak
 10196 | Gauntlet | Found a transporter.
 10228 | Gauntlet | Identified the +5 battleaxe "Ysoerasm" {holy, rPois Will+
                  | Int-4 Dex+2}
 10295 | Gauntlet | Found a transporter.
 10353 | Gauntlet | Found a transporter.
 10368 | Gauntlet | Reached ****** piety under Dithmenos
 10380 | Gauntlet | Identified the +4 pair of boots of Siqit {Int+2}
 10606 | Gauntlet | Found a transporter.
 10622 | Gauntlet | Identified the +6 longbow of the Inferno {speed, Str+8}
 10622 | Gauntlet | Identified the +1 chain mail of the Chupacabra {rC+ Regen+
                  | rCorr}
 10622 | Gauntlet | Noticed a minotaur
 10638 | Gauntlet | Found a transporter.
 10660 | Gauntlet | Killed a minotaur
 10754 | Gauntlet | Identified the +6 spear "Killer Bee's Peril" {heavy, Int-3
                  | SInv Stlth+}
 10789 | D:13     | Noticed Snorg
 10791 | D:13     | Noticed a tengu warrior
 10796 | D:13     | Killed Snorg
 10798 | D:13     | Noticed a five-headed hydra
 10801 | D:13     | Noticed Nessos
 10802 | D:13     | Killed a tengu warrior
 10803 | D:13     | Reached skill level 1 in Evocations
 10806 | D:13     | Killed a five-headed hydra
 10807 | D:13     | Reached XP level 13. HP: 74/74 MP: 14/14
 10810 | D:13     | Killed Nessos
 11087 | D:13     | Found Wadar's Antique Weapon Emporium.
 11167 | D:13     | Reached skill level 20 in Stealth
 11306 | D:13     | Found a gate to the Vaults.
 11450 | D:14     | Found a hazy altar of Hepliaklqana.
 12088 | D:15     | Entered Level 15 of the Dungeon
 12222 | D:15     | Found a staircase to the Depths.
 12222 | D:15     | Noticed a stone giant
 12250 | D:15     | Killed a stone giant
 12413 | D:15     | Reached skill level 5 in Evocations
 12464 | D:15     | Found an ancient bone altar of Kikubaaqudgha.
 12580 | D:15     | Reached skill level 21 in Stealth
 12611 | D:15     | Reached skill level 5 in Armour
 12611 | D:15     | Reached XP level 14. HP: 81/81 MP: 15/15
 13100 | Lair:1   | Entered Level 1 of the Lair of Beasts
 13146 | Lair:1   | Lost mutation: You occasionally lose the ability to read
                  | scrolls when taking damage. [potion of mutation]
 13146 | Lair:1   | Gained mutation: Your natural rate of healing is unusually
                  | fast. [potion of mutation]
 13146 | Lair:1   | Lost mutation: Your natural rate of healing is unusually
                  | fast. [potion of mutation]
 13146 | Lair:1   | Gained mutation: Your mind is acute. (Int +4, Str/Dex -1)
                  | [potion of mutation]
 13560 | Lair:1   | You fall into a shaft and drop 1 floor!
 13608 | Lair:2   | Noticed Gastronok
 13623 | Lair:2   | Killed Gastronok
 14209 | Lair:2   | Found a staircase to the Swamp.
 14336 | Lair:2   | Noticed Urug
 14345 | Lair:2   | Killed Urug
 14954 | Lair:3   | Found a staircase to the Snake Pit.
 15006 | Lair:3   | Reached skill level 22 in Stealth
 15550 | Lair:4   | Got the Annotations on the Switch
 16149 | Lair:4   | Found a viscous altar of Jiyva.
 16149 | Lair:4   | Found a staircase to the Slime Pits.
 16302 | Lair:5   | Entered Level 5 of the Lair of Beasts
 16748 | Lair:5   | Reached XP level 15. HP: 86/86 MP: 16/16
 17881 | Lair:1   | Lost mutation: Your mind is acute. (Int +4, Str/Dex -1)
                  | [potion of mutation]
 17881 | Lair:1   | Gained mutation: Your spells are a little easier to cast,
                  | but a little less powerful. [potion of mutation]
 17881 | Lair:1   | Gained mutation: You possess an exceptional clarity of
                  | mind. [potion of mutation]
 17962 | Orc:1    | Entered Level 1 of the Orcish Mines
 18012 | Orc:1    | Found Alunaheu's Vocational Training.
 18054 | Orc:1    | Reached skill level 23 in Stealth
 18276 | Orc:1    | Found a runed translucent door.
 18276 | Orc:1    | Noticed Rumaargh's ghost (journeyman NaFE)
 18625 | Orc:1    | Killed Rumaargh's ghost
 18650 | Orc:2    | Entered Level 2 of the Orcish Mines
 18749 | Orc:2    | Found a staircase to the Elven Halls.
 18825 | Orc:2    | Found Ugedoq's Antique Armour Emporium.
 18828 | Orc:2    | Found Jesesin's Antique Weapon Emporium.
 18833 | Orc:2    | Found Citomn's Antique Weapon Shoppe.
 18833 | Orc:2    | Found Hez Yth's Armour Shoppe.
 19163 | Orc:2    | Bought the +2 hood of the Assassin {Detect Stab+ Stlth++}
                  | for 960 gold pieces
 19163 | Orc:2    | Found the +2 hood of the Assassin {Detect Stab+ Stlth++}
 19431 | Orc:1    | Bought a manual of Evocations for 1120 gold pieces
 19431 | Orc:1    | Bought a manual of Invocations for 1120 gold pieces
 19561 | Swamp:1  | Entered Level 1 of the Swamp
 20694 | Swamp:2  | Reached XP level 16. HP: 93/93 MP: 17/17
 20960 | Swamp:2  | Noticed a thorn hunter
 21192 | Swamp:2  | Reached skill level 24 in Stealth
 21316 | Swamp:2  | Reached skill level 10 in Evocations
 21346 | Swamp:2  | Killed a thorn hunter
 21728 | Swamp:3  | Identified the +0 tower shield of Ignis's Felicitations
                  | {*Slow Dex+4 Slay+3}
 21728 | Swamp:3  | Noticed Louise
 21730 | Swamp:3  | Killed Louise
 21787 | Swamp:3  | Identified Roxanne's Papyrus of the Mantle
 21787 | Swamp:3  | Noticed Roxanne
 21818 | Swamp:3  | Killed Roxanne
 22110 | Swamp:3  | Noticed Jorgrun
 22117 | Swamp:3  | Killed Jorgrun
 22435 | Swamp:3  | Found a runed translucent door.
 22997 | Swamp:3  | Reached skill level 15 in Dodging
 23135 | Swamp:4  | Entered Level 4 of the Swamp
 23554 | Swamp:4  | Noticed a thorn hunter
 23561 | Swamp:4  | Killed a thorn hunter
 23664 | Swamp:4  | Noticed the 27-headed Lernaean hydra
 23907 | Swamp:4  | Reached skill level 25 in Stealth
 24287 | Swamp:4  | Killed the 27-headed Lernaean hydra
 24455 | Swamp:4  | Reached skill level 15 in Short Blades
 25174 | Swamp:4  | Reached XP level 17. HP: 98/98 MP: 18/18
 25289 | Swamp:4  | Got a decaying rune of Zot
 25501 | Snake:1  | Entered Level 1 of the Snake Pit
 26005 | Snake:1  | Reached skill level 15 in Fighting
 26063 | Snake:1  | Found a sacrificial altar of Ru.
 26302 | Snake:1  | Identified the +10 short sword of Iponos {drain, rCorr}
 26499 | Snake:1  | Identified the +0 scale mail "Zaxoisib" {rF++ Will-}
 26824 | Snake:2  | Noticed Aizul
 26827 | Snake:2  | Killed Aizul
 26828 | Snake:2  | Noticed Agnes
 26842 | Snake:2  | Killed Agnes
 26969 | Snake:2  | Found Boju's Armour Emporium.
 26978 | Snake:2  | Reached skill level 1 in Invocations
 27409 | Snake:2  | Bought a scarf of shadows for 204 gold pieces
 28163 | Snake:3  | Identified the +9 dagger of the Nexus {spect, Fly rF+ rN++
                  | Int-3}
 28211 | Snake:3  | Found Ydyschuts's Antique Weapon Shoppe.
 28223 | Snake:3  | Reached skill level 26 in Stealth
 28246 | Snake:3  | Found Oludiown's Distillery.
 28444 | Snake:3  | Bought a potion of curing for 48 gold pieces
 28444 | Snake:3  | Bought a potion of invisibility for 128 gold pieces
 28444 | Snake:3  | Bought a potion of heal wounds for 80 gold pieces
 28786 | Snake:3  | Noticed Kirke
 28818 | Snake:3  | Killed Kirke
 29242 | Snake:4  | Entered Level 4 of the Snake Pit
 29858 | Snake:4  | Reached XP level 18. HP: 105/105 MP: 22/22
 30861 | Snake:4  | Reached skill level 5 in Invocations
 31573 | Snake:4  | Reached skill level 15 in Evocations
 32051 | Snake:4  | Got a serpentine rune of Zot
 32481 | Snake:4  | Reached skill level 27 in Stealth
 32995 | Elf:1    | Entered Level 1 of the Elven Halls
 33242 | Elf:1    | Identified the +1 flail of the Scorned {holy, SInv}
 33249 | Elf:1    | Paralysed by an air elemental for 1 turns
 33251 | Elf:1    | Identified the ring of Zixuret {Will+ SInv}
 33282 | Elf:1    | HP: 6/157 [poisoned by a +5 flail of venom]
 33284 | Elf:1    | Succumbed to a +5 flail of venom's poison

Illustrated notes

Levels and vault maps discovered:
D:1:      dpeg_arrival_boxes_within_box, layout_basic
D:2:      layout_loops_ring, serial_shops, shop, nicolae_kite_square_tiling_tiny
D:3:      layout_rooms, okawaru_metal_pillars_3, ebering_ecumenical_altar_rust
D:4:      layout_basic, minmay_temple_entry_overgrown, ebering_ghost_sewer_d,
          minmay_manual_monstrance, uniq_blork_the_orc
D:5:      layout_basic, uniq_duvessa
D:6:      layout_gridville, mainiacjoe_overflow_tiny_flanked,
          grunt_temple_overflow_open, cheibrodos_ashenzari_chains, minivault_5,
          minmay_pentangle
D:7:      layout_cave_pools, minmay_fire_ice_demons
D:8:      layout_basic, trog_wizard, chequers_serial_rivers_marsh, uniq_psyche,
          uniq_joseph
D:9:      minmay_ornate_pinched, layout_basic, general_overflow_altar,
          roderic_serpentine_path, nicolae_shop_fire_sale
          [nicolae_sub_dead_trees], minmay_crystal_water, grunt_ministairs_1
D:10:     layout_cave_pools, dk_noncrumbling_3
D:11:     layout_cave_pools, lair_entry_dummy, erik_orc_2
D:12:     layout_rooms, minivault_10
D:13:     layout_big_octagon, ximxim_vaults_locker_room, gauntlet_entry_generic,
          serial_shops, shop, kennysheep_doodads, uniq_snorg, uniq_nessos
D:14:     layout_basic, minmay_misc_feat_secret_circle,
          nicolae_hepliaklqana_hazy_memory
D:15:     grunt_enter_depths_giant_problem, layout_long_grid,
          kiku_gazebo_garden_becter
Temple:   oiseaux_autumnal_temple
Lair:1:   layout_regular_city
Lair:2:   layout_roguey, minmay_swamp_entry_worms, special_room
          [special_room_bee], grunt_megastairs_3, uniq_gastronok, uniq_urug
Lair:3:   layout_gridlike, dummy_snake_entry
Lair:4:   layout_regular_city, slime_entry_1, minmay_lair_oklob_items
Lair:5:   hangedman_lair_in_review, layout_misc_corridors,
          guppyfry_lair_end_dragon, grunt_forest_large_clearing_hut,
          lemuel_fruit_fields
Swamp:1:  layout_basic_swamp, hangedman_swamp_cone, swamp_pool1
Swamp:2:  layout_falls_marsh, evilmike_swamp_ruin_house_5, swamp_pool3,
          nicolae_swamp_feature_on_the_river_bank
Swamp:3:  gammafunk_mikee_crab_dinner, layout_basic_swamp,
          nicolae_swamp_treefoil, swamp_pool2, infiniplex_staircase_pool_2,
          uniq_roxanne, uniq_louise, uniq_jorgrun
Swamp:4:  swamp_old_school, layout_basic_swamp
Snake:1:  layout_onion, basic_altar, nicolae_snake_snakewalk
Snake:2:  layout_misc_corridors, serial_shops, nicolae_shop_crystal,
          grunt_ministairs_8, nicolae_snake_serpentine_hallways, uniq_aizul,
          uniq_agnes
Snake:3:  layout_onion, minmay_shoptagon, nicolae_triple_integral, uniq_kirke
Snake:4:  hellmonk_snake_rune_quicksilver_temple, layout_onion,
          nicolae_snake_salamander_zone
Orc:1:    layout_caves, hellmonk_ghost_happy_afterlife, nicolae_shop_vocational
Orc:2:    st_orc_mages, layout_caves
Elf:1:    eino_elf_arrival_sip, layout_geoelf_octagon,
          portal_ice_cave_entry_pillars_four, minivault_28,
          kilobyte_rumbling_trees

Skill      XL: |  1  2  3  4  5  6  7  8  9 10 11 12 13 14 15 16 17 18 |
---------------+-------------------------------------------------------+-----
Stealth        | 6 7 8 9 11 12 14 16 17 19 21 22 23 25 26 27 | 27.0
Dodging        | 2 3 4 5 6 7 9 10 11 12 13 14 15 16 | 16.6
Fighting       | 2 4 5 6 7 10 11 12 13 14 15 16 | 16.0
Short Blades   | 3 4 6 7 9 10 11 12 13 14 15 | 15.9
Armour         | 2 3 5 6 7 8 |  8.5
Evocations     | 1 5 7 9 12 14 15 | 15.5
Invocations    | 4 6 |  6.4
Throwing       | |  2.0

Action                     |  1- 3 |  4- 6 |  7- 9 | 10-12 | 13-15 | 16-18 || total
---------------------------+-------+-------+-------+-------+-------+-------++-------
  Melee: Dagger            |    92 |    13 |       |       |       |       ||   105
         Punch             |     2 |       |       |       |       |       ||     2
         Pair of quick bla |       |    57 |   158 |   419 |  1039 |  1250 ||  2923
  Throw: Dart              |    17 |    21 |       |     5 |    18 |     8 ||    69
         Throwing net      |       |       |     1 |       |       |       ||     1
  Evoke: Wand              |       |     4 |     4 |    17 |    10 |    12 ||    47
         Lightning rod     |       |       |       |       |     5 |     8 ||    13
    Use: Scroll            |       |     8 |    12 |    11 |    12 |    10 ||    53
         Potion            |       |     1 |       |     5 |     4 |    24 ||    34
   Stab: Sleeping          |     4 |    15 |    20 |    41 |    98 |   102 ||   280
         Distracted        |       |       |       |     5 |    15 |    25 ||    45
         Invisible         |       |       |       |       |       |     2 ||     2
 Armour: Robe              |    11 |     4 |     5 |       |       |       ||    20
         Shadow dragon sca |       |       |    15 |    46 |   175 |   233 ||   469
  Dodge: Dodged            |    82 |    30 |    57 |   124 |   344 |   556 ||  1193

Table legend: (Time is in decaauts)
 A = Elapsed time spent in this place.
 B = Non-inter-level travel time spent in this place.
 C = Inter-level travel time spent in this place.
 D = Time resting spent in this place.
 E = Time spent auto-exploring this place.
 F = Levels seen in this place.
 G = Mean time per level.
                   A        B        C        D        E       F      G
               +--------+--------+--------+--------+--------+-----+--------+
         Total |  23101 |  21539 |   1562 |   5621 |  11249 |  33 |  700.0 |
       Dungeon |   7789 |   7173 |    616 |    393 |   5100 |  15 |  519.3 |
        Temple |    200 |    184 |     16 |      0 |    142 |   1 |  200.0 |
          Lair |   3382 |   3120 |    262 |    382 |   2139 |   5 |  676.4 |
         Swamp |   4521 |   4171 |    350 |   1814 |   1417 |   4 | 1130.2 |
     Snake Pit |   5520 |   5271 |    249 |   2595 |   1774 |   4 | 1380.0 |
  Orcish Mines |    926 |    859 |     67 |     64 |    531 |   2 |  463.0 |
   Elven Halls |    233 |    233 |      0 |    161 |     26 |   1 |  233.0 |
      Gauntlet |    527 |    527 |      0 |    211 |    117 |   1 |  527.0 |
               +--------+--------+--------+--------+--------+-----+--------+

Top non-repeatable levels by time:
 Snake:3: 1908 daAuts
 Swamp:4: 1546 daAuts
 Snake:4: 1468 daAuts
 Swamp:2: 1193 daAuts
 Snake:2: 1179 daAuts
 Swamp:3: 1166 daAuts
  Lair:5: 1058 daAuts
 Snake:1: 964 daAuts
     D:9: 882 daAuts
    D:11: 775 daAuts
  Lair:2: 755 daAuts
     D:6: 699 daAuts
  Lair:1: 668 daAuts
     D:1: 631 daAuts
 Swamp:1: 615 daAuts
